 Dungeon Crawl Stone Soup version 0.32-a0-30-gefbe487952 (webtiles) character file.

Game seed: 14929815872672685837

56 p00ps00p the Trooper (level 3, -6/33 HPs)
             Began as a Hill Orc Fighter on Jan 20, 2024.
             Mangled by a water moccasin (8 damage)
             ... on level 3 of the Dungeon.
             The game lasted 00:01:42 (2023 turns).

p00ps00p the Trooper (Hill Orc Fighter)             Turns: 2023, Time: 00:01:43

Health: -6/33      AC:  7    Str: 20    XL:     3   Next: 97%
Magic:  3/3        EV:  9    Int:  8    God:
Gold:   116        SH:  4    Dex: 10    Spells: 2/2 levels left

rFire   . . .        a - +0 war axe (freeze)
rCold   . . .        c - +0 buckler
rNeg    . . .        b - +0 scale mail
rPois   .            (no helmet)
rElec   .            (no cloak)
rCorr   .            (no gloves)
SInv    .            (no boots)
Will    .....        (no amulet) Stlth
                     (no ring)
HPRegen 0.25/turn    (no ring)
MPRegen 0.08/turn

%: no passive effects
@: lethally poisoned (-6 -> -14)
A: no striking features
a: no special abilities


You were on level 3 of the Dungeon.
You visited 1 branch of the dungeon, and saw 3 of its levels.

You collected 116 gold pieces.

Inventory:

Hand Weapons
 a - a +0 war axe of freezing (weapon)
Armour
 b - a +0 scale mail (worn)
 c - a +0 buckler (worn)
Jewellery
 g - a ring of see invisible
 i - an amulet of regeneration
 j - a ring of flight
Potions
 d - a potion of might
 e - a potion of lignification {unknown}
 f - 3 potions of haste {unknown}
 h - a potion of mutation {unknown}
 l - a potion of heal wounds {unknown}
 n - 2 potions of berserk rage {unknown}


   Skills:
 + Level 4.2 Fighting
 + Level 3.5 Axes
 + Level 3.8 Armour
 + Level 3.9 Shields


You had 2 spell levels left.
You didn't know any spells.
Your spell library contained the following spells:

 Spells                   Type           Power      Damage    Failure   Level
 Jinxbite                 Hex            0%         N/A       92%         2
 Fugue of the Fallen      Necr           0%         N/A       99%         3
 Ozocubu's Armour         Ice            0%         N/A       99%         3
 Manifold Assault         Tloc           0%         N/A       100%        4
 Yara's Violent Unravell  Hex/Alch       0%         3d3       100%        5
 Enfeeble                 Hex            0%         N/A       100%        7


Dungeon Overview and Level Annotations

Branches:
Dungeon (3/15)

Altars:
Cheibriados


Message History

The water moccasin bites you but does no damage.
You miss the water moccasin.
The water moccasin is lightly wounded.
The water moccasin completely misses you.
You barely miss the water moccasin.
The water moccasin is lightly wounded.
The water moccasin is no longer moving slowly.
The water moccasin bites you.
You barely miss the water moccasin.
The water moccasin is lightly wounded.
The water moccasin bites you but does no damage.
You block the water moccasin's attack.
You slash the water moccasin! You freeze the water moccasin.
The water moccasin is severely wounded.
The water moccasin bites you! The water moccasin closely misses you.
You closely miss the water moccasin.
The water moccasin is severely wounded.
The water moccasin bites you!
The water moccasin bites you but does no damage.
You are too injured to fight recklessly!
You are too injured to fight recklessly!
You are too injured to fight recklessly!
You are too injured to fight recklessly!
You are too injured to fight recklessly!
You are too injured to fight recklessly!
A water moccasin is nearby!
You are too injured to fight recklessly!
You closely miss the water moccasin.
The water moccasin is severely wounded.
The water moccasin barely misses you. The water moccasin bites you.
You are lethally poisoned!
The water moccasin poisons you!
You closely miss the water moccasin.
The water moccasin is severely wounded.
* * * LOW HITPOINT WARNING * * *
You feel very sick. The water moccasin bites you.
* * * LOW HITPOINT WARNING * * *
The water moccasin bites you!
You die...

#........# #
#........# .
#........#
##.###........# P ..
..#.......<### P.. #.
#.#...........
....##. #.##.....#.#
.......##....#.....#
#S@.....#.#####
#...###.#.###
#...#.###.#...#
#.....#.....###.#
#####.#.......#.####
.....#....#....#....#
............>.####.#
#.#.#.##.###.......#
##
#...#..#.###..#..###


You could see a water moccasin.

Vanquished Creatures
  An adder (D:3)
  A dart slug (D:1)
  A ribbon worm (D:2)
  5 endoplasms
  2 giant cockroaches
  A goblin (D:1)
  2 hobgoblins (D:1)
  7 jackals
  2 kobolds (D:2)
  4 quokkas
  4 ball pythons
  2 bats (D:1)
  3 frilled lizards
  3 rats
38 creatures vanquished.

Notes
Turn   | Place    | Note
-------+----------+-------------------------------------------
     0 | D:1      | p00ps00p the Hill Orc Fighter began the quest for the Orb.
     0 | D:1      | Reached XP level 1. HP: 19/19 MP: 1/1
   353 | D:1      | Reached XP level 2. HP: 27/27 MP: 2/2
   526 | D:1      | Found a faded altar of an unknown god.
  1209 | D:2      | Reached skill level 4 in Fighting
  1244 | D:2      | Reached XP level 3. HP: 33/33 MP: 3/3
  1800 | D:2      | Found a snail-covered altar of Cheibriados.
  2008 | D:3      | Noticed a water moccasin
  2023 | D:3      | Mangled by a water moccasin

Illustrated notes

Levels and vault maps discovered:
D:1:      minmay_arrival_four_houses, layout_loops_corners,
          hellmonk_ecumenical_altar_inner_sanctum, serial_co_window_serial,
          co_window_corner_a, co_window_corner_a, co_window_paths_a,
          co_window_paths_a, co_window_corner_a, co_window_corner_ca,
          co_window_paths_c, co_window_of_opportunity_c,
          co_window_unsneaky_path_e, co_window_corner_b, co_window_cross_4,
          glass_columns_a, glass_columns_b, glass_columns_a, glass_columns_a
D:2:      layout_loops_cross, basic_altar
D:3:      layout_basic, mainiacjoe_overflow_chevrons, xom_confusion_cloud,
          kennysheep_generic_room_6

Skill      XL: |  1  2 |
---------------+-------+-----
Axes           | 3 |  3.5
Fighting       | 4 |  4.2
Armour         | |  3.8
Shields        | |  3.9

Action                     || total
---------------------------++-------
  Melee: War axe           ||   116
    Use: Scroll            ||     3
 Armour: Scale mail        ||    78
  Dodge: Dodged            ||    60
  Block: Buckler           ||    24

Table legend: (Time is in decaauts)
 A = Elapsed time spent in this place.
 B = Non-inter-level travel time spent in this place.
 C = Inter-level travel time spent in this place.
 D = Time resting spent in this place.
 E = Time spent auto-exploring this place.
 F = Levels seen in this place.
 G = Mean time per level.
                   A        B        C        D        E       F      G
               +--------+--------+--------+--------+--------+-----+--------+
         Total |   2065 |   1984 |     81 |      0 |   1666 |   3 |  688.3 |
       Dungeon |   2065 |   1984 |     81 |      0 |   1666 |   3 |  688.3 |
               +--------+--------+--------+--------+--------+-----+--------+

Top non-repeatable levels by time:
     D:1: 1189 daAuts
     D:2: 767 daAuts
     D:3: 108 daAuts
